 Dungeon Crawl Stone Soup version 0.29-a0-668-g12ee2bf84d (webtiles) character file.

Game seed: 9001548865650923257

150 zeratav the Stinger (level 5, -9/35 HPs)
             Began as a Formicid Venom Mage on June 23, 2022.
             Blown up by a gnoll (20 damage)
             ... with a mindburst bolt
             ... on level 4 of the Dungeon.
             The game lasted 00:04:27 (3468 turns).

zeratav the Stinger (Formicid Venom Mage)           Turns: 3468, Time: 00:04:27

Health: -9/35      AC:  2    Str: 14    XL:     5   Next: 58%
Magic:  7/8        EV: 12    Int: 15    God:
Gold:   57         SH:  0    Dex: 14    Spells: 7/8 levels left

rFire   . . .      SeeInvis +   c - +0 hand axe {axe}
rCold   . . .      Faith    .   (no shield)
rNeg    . . .      Spirit   .   a - +0 robe
rPois   .          Reflect  .   (helmet unavailable)
rElec   .          Harm     .   (no cloak)
rCorr   .          Rampage  .   (no gloves)
Will    .....                   (no boots)
Stlth   ++........              (no amulet)
HPRegen 0.11/turn               (no ring)
MPRegen 0.11/turn               (no ring)

@: no status effects
A: permanent stasis, dig shafts and tunnels, antennae 3, four strong arms
a: Dig, Shaft Self


You were on level 4 of the Dungeon.
You visited 1 branch of the dungeon, and saw 4 of its levels.

You collected 57 gold pieces.


Innate Abilities, Weirdness & Mutations

You cannot be hasted, slowed, berserked, paralysed or teleported.
You can dig through walls and to a lower floor.
You have a pair of large antennae on your head. (SInv)
Your four strong arms can wield two-handed weapons with a shield.


   Skills:
 - Level 1.7 Dodging
 - Level 2.4 Stealth
 - Level 2.1 Spellcasting
 - Level 1.1 Transmutations
 + Level 7.7 Poison Magic


You had 7 spell levels left.
You knew the following spells:

 Your Spells              Type           Power      Damage    Failure   Level
a - Sting                 Tmut/Pois      56%        1d5       3%          1

Your spell library contained the following spells:

 Spells                   Type           Power      Damage    Failure   Level
 Poisonous Vapours        Pois/Air       26%        N/A       7%          2
 Olgreb's Toxic Radiance  Pois           24%        N/A       9%          4
 Mephitic Cloud           Conj/Pois/Air  9%         N/A       22%         3

Inventory:

Hand Weapons
 c - a +0 hand axe (weapon) {axe}
   (You found it on level 1 of the Dungeon)
Missiles
 j - a poisoned dart (quivered) {throwing}
Armour
 a - a +0 robe (worn)
 q - a +0 pair of gloves
   (You found it on level 3 of the Dungeon)
Scrolls
 d - a scroll of identify {@r1}
 f - a scroll of brand weapon {unknown}
 h - a scroll of vulnerability {!r!r}
 i - a scroll of poison {!r}
 l - a scroll of fear
 n - a scroll of fog {unknown}
 p - a scroll of enchant armour {unknown}
 r - a scroll of amnesia {unknown}
 t - 2 scrolls of magic mapping {unknown}
Potions
 b - a potion of magic
 e - a potion of flight {unknown}
 g - a potion of might {unknown}
 k - 2 potions of berserk rage {unknown}
 m - a potion of ambrosia {unknown}
 o - a potion of curing {unknown}
 s - 3 potions of haste {unknown}
 u - a potion of heal wounds {unknown}

Dungeon Overview and Level Annotations

Branches:
Dungeon (4/15) Zot: 20524
 Temple: D:4-7

Altars:

)†......# # ####....# #
.#......# ### .#..(...###
##.. ######..'.# #####..#
.#......#.# #.....##
.#......#.# #.######
####....#.################.#
........#.......@.gg.#.....#
........############.#.#####
........# #..>....#
######### ####### ###g....#
###.....# ###.....#
........###{.(....#
#.....#....(....#
######..##.(....# {{
##.###......#


You could see 2 gnolls.


Message History

t - 2 scrolls labelled YVATEKKOO (gained 1)
A hobgoblin comes into view.
The hobgoblin shouts!
A hobgoblin is nearby!
A hobgoblin is nearby!
You throw a poisoned dart {throwing}.
The poisoned dart {throwing} closely misses the hobgoblin.
You throw a poisoned dart {throwing}.
The poisoned dart {throwing} hits the hobgoblin.
You throw a poisoned dart {throwing}.
The poisoned dart {throwing} hits the hobgoblin.
The hobgoblin is poisoned.
You throw a poisoned dart {throwing}.
The poisoned dart {throwing} closely misses the hobgoblin.
You throw a poisoned dart {throwing}.
The poisoned dart {throwing} barely misses the hobgoblin.
You kill the hobgoblin!
No target in view!
No target in view!
A goblin comes into view. It is wielding a +0 dagger.
You throw a poisoned dart {throwing}.
The poisoned dart {throwing} hits the goblin.
The goblin is poisoned.
The goblin shouts!
You throw a poisoned dart {throwing}.
The poisoned dart {throwing} hits the goblin.
The goblin looks even sicker.
You throw a poisoned dart {throwing}.
The poisoned dart {throwing} hits the goblin.
The goblin looks even sicker.
Nothing quivered!
You kill the goblin!
You see here a hobgoblin corpse.
No target in view!
No target in view!
You see here a +0 dagger {short}.
j - 2 poisoned darts {throwing}
j - 4 poisoned darts {throwing} (gained 2)
j - 5 poisoned darts {throwing} (gained 1)
f - a scroll labelled TYOLAOWKENOS
j - 8 poisoned darts {throwing} (gained 3)
You see here a +0 ring mail.
There is an open door here.
You sense a monster nearby.
An adder comes into view.
An adder is nearby!
You throw a poisoned dart {throwing}.
The poisoned dart {throwing} hits the adder.
The adder is poisoned.
The adder hisses angrily.
You throw a poisoned dart {throwing}.
The poisoned dart {throwing} hits the adder.
The adder looks even sicker.
A gnoll comes into view. It is wielding a +0 club.
You throw a poisoned dart {throwing}.
The poisoned dart {throwing} hits the gnoll.
The gnoll is poisoned.
The gnoll shouts!
You hear a shout! x2
A gnoll comes into view.
It is wielding a +0 whip and carrying a wand of mindburst (15).
You hear a shout!
You throw a poisoned dart {throwing}.
The poisoned dart {throwing} hits the adder.
The adder looks even sicker.
You throw a poisoned dart {throwing}.
The poisoned dart {throwing} closely misses the adder.
Casting: Sting (safe; 3% risk of failure)
Confirm with . or Enter, or press ? or * to list all spells.
Aiming: Sting (safe; 3% risk of failure)
Press: ? - help, Shift-Dir - straight line, f/p - adder
Aim: an adder (moderately wounded, very poisoned, 53% to hit)
The sting hits the adder.
The adder looks as sick as possible!
The adder bites you. The adder closely misses you.
HP[-2] MP[-1]
You take 2 damage, and now have 33/35 hp.
You lost 1 mp, and now have 7/8 mp.
You kill the adder!
The gnoll zaps a wand.
Your mind is blasted!
Ouch! That really hurt!
* * * LOW HITPOINT WARNING * * *
HP[-22]
You take 22 damage, and now have 11/35 hp.
MASSIVE DAMAGE!! (PAUSE)
Casting: Sting (safe; 3% risk of failure)
Confirm with . or Enter, or press ? or * to list all spells.
You don't know that spell.
Throw: 3 darts (poison) {throwing}
Press: ? - help, Q - select action, (/) - cycle Shift-Dir - straight line, f - gnoll
Aim: a gnoll, wielding a +0 whip, wearing a +0 leather armour and carrying a wand of mindburst (14) (61% to hit)
You throw a poisoned dart {throwing}.
The poisoned dart {throwing} closely misses the gnoll.
Throw: 2 darts (poison) {throwing}
Press: ? - help, Q - select action, (/) - cycle Shift-Dir - straight line, f/p - gnoll
Aim: a gnoll, wielding a +0 whip, wearing a +0 leather armour and carrying a wand of mindburst (14) (61% to hit)
You throw a poisoned dart {throwing}.
The poisoned dart {throwing} hits the gnoll.
The gnoll zaps a wand.
Your mind is blasted!
Ouch! That really hurt!
You die...

Skill      XL: |  1  2  3  4 |
---------------+-------------+-----
Poison Magic   | 5 6 7 |  7.7
Dodging        | |  1.7
Stealth        | |  2.4
Spellcasting   | |  2.1
Transmutations | |  1.1

Action                   |  1- 3 |  4- 6 || total
-------------------------+-------+-------++-------
Melee: Hand axe          |    15 |    13 ||    28
Throw: Dart              |       |    30 ||    30
 Cast: Sting             |    49 |    23 ||    72
  Use: Scroll            |       |     4 ||     4
 Stab: Sleeping          |     1 |       ||     1
Armor: Robe              |     4 |     8 ||    12
Dodge: Dodged            |    26 |    15 ||    41

Levels and vault maps discovered:
D:1:      minmay_arrival_three_doors, layout_basic
D:2:      layout_rooms, hellmonk_ecumenical_altar_watching_god, kennysheep_boxes
D:3:      layout_loops_corners
D:4:      old_forge, layout_rooms, mainiacjoe_overflow_surrounded_room,
          serial_curves, eino_curves_03, eino_curves_02,
          kennysheep_generic_room_16

Notes
Turn   | Place    | Note
-------+----------+-------------------------------------------
     0 | D:1      | zeratav the Formicid Venom Mage began the quest for the
                  | Orb.
     0 | D:1      | Reached XP level 1. HP: 13/13 MP: 3/3
     0 | D:1      | magus.rc [v1.9.6]
  1020 | D:2      | Reached XP level 2. HP: 19/19 MP: 3/5
  1202 | D:2      | Reached skill level 5 in Poison Magic
  1285 | D:2      | Reached XP level 3. HP: 17/24 MP: 0/6
  1499 | D:2      | Noticed an eye of devastation
  1502 | D:2      | Noticed a golden eye
  1511 | D:2      | Found a faded altar of an unknown god.
  1512 | D:2      | Noticed an eye of devastation
  1830 | D:2      | Noticed an eye of devastation
  1874 | D:3      | Reached skill level 6 in Poison Magic
  2217 | D:3      | Reached XP level 4. HP: 30/30 MP: 2/7
  2996 | D:4      | Reached skill level 7 in Poison Magic
  3012 | D:4      | Reached XP level 5. HP: 20/35 MP: 3/8
  3468 | D:4      | Blown up by a gnoll

Vanquished Creatures
  A howler monkey (D:4)
  A hound (D:4)
  4 adders
  A worm (D:3)
  A dart slug (D:2)
  An orc (D:3)
  3 endoplasms
  3 giant cockroaches
  4 goblins
  3 hobgoblins
  3 kobolds
  4 quokkas
  3 ball pythons
  3 bats (D:2)
  4 frilled lizards
  4 rats
43 creatures vanquished.

Vanquished Creatures (others)
  10 fungi (D:4)
10 creatures vanquished.

Grand Total: 53 creatures vanquished

Table legend:
 A = Non-vault XP
 B = Vault XP
 C = Vault XP percentage of total XP
 D = Non-vault monster count
 E = Vault monster count
 F = Vault count percentage of total count
                 A         B        C        D         E       F
            +---------+---------+-------+---------+---------+-------
      Total |     209 |       6 |   2.8 |      40 |       3 |   7.0
            +---------+---------+-------+---------+---------+-------
        D:1 |       8 |       0 |   0.0 |       5 |       0 |   0.0
        D:2 |      51 |       0 |   0.0 |      16 |       0 |   0.0
        D:3 |      36 |       0 |   0.0 |      13 |       0 |   0.0
        D:4 |     114 |       6 |   5.0 |       6 |       3 |  33.3
            +---------+---------+-------+---------+---------+-------

Illustrated notes

Table legend:
 A = Kills in this place as a percentage of kills in entire the game.
 B = Kills by you in this place as a percentage of kills by you in the entire game.
 C = Kills by friends in this place as a percentage of kills by friends in the entire game.
 D = Other kills in this place as a percentage of other kills in the entire game.
 E = Experience gained in this place as a percentage of experience gained in the entire game.
 F = Experience gained in this place divided by the number of levels of this place that you have seen.
                   A       B       C       D       E      F
               +-------+-------+-------+-------+-------+----------------------
         Total | 100.0 | 100.0 |   N/A |   N/A | 100.0 |  53.8
       Dungeon | 100.0 | 100.0 |   N/A |   N/A | 100.0 |  53.8
               +-------+-------+-------+-------+-------+----------------------

Table legend: (Time is in decaauts)
 A = Elapsed time spent in this place.
 B = Non-inter-level travel time spent in this place.
 C = Inter-level travel time spent in this place.
 D = Time resting spent in this place.
 E = Time spent auto-exploring this place.
 F = Levels seen in this place.
 G = Mean time per level.
                   A        B        C        D        E       F      G
               +--------+--------+--------+--------+--------+-----+--------+
         Total |   3475 |   3359 |    116 |    286 |   2705 |   4 |  868.8 |
       Dungeon |   3475 |   3359 |    116 |    286 |   2705 |   4 |  868.8 |
               +--------+--------+--------+--------+--------+-----+--------+

Top non-repeatable levels by time:
     D:3: 1113 daAuts
     D:1: 1015 daAuts
     D:2: 858 daAuts
     D:4: 487 daAuts
